 Dungeon Crawl Stone Soup version 0.24.1-8-ga250c9d538 (webtiles) character file.

Game seed: 3265884708888801890, levelgen mode: deterministic

256 Curus the Chopper (level 6, 0/51 HPs)
             Began as a Hill Orc Abyssal Knight on May 1, 2020.
             Was a Believer of Lugonu.
             Slain by Menkaure (5 damage)
             ... on level 5 of the Dungeon.
             The game lasted 00:12:14 (3304 turns).

Curus the Chopper (Hill Orc Abyssal Knight)         Turns: 3304, Time: 00:12:15

Health: 0/51       AC: 15    Str: 12 (15) XL:     6   Next: 16%
Magic:  9/10       EV:  3    Int:  9 (12) God:    Lugonu [**....]
Gold:   214        SH:  0    Dex:  9 (12) Spells: 5/5 levels left

rFire    + . .     SeeInvis .   a - +1 hand axe
rCold    . . .     Gourm    .   (no shield)
rNeg     + . .     Faith    .   f - +1 plate armour
rPois    .         Spirit   .   (no helmet)
rElec    .         Reflect  .   (no cloak)
rCorr    .         Harm     .   (no gloves)
MR       +....                  h - +0 pair of boots
Stlth    ..........             (no amulet)
HPRegen  0.17/turn              e - ring of positive energy
MPRegen  0.12/turn              (no ring)

@: very slightly contaminated
A: yellow scales 1, fire resistance 1, magic resistance 1
a: Depart the Abyss, Bend Space, Renounce Religion


You were on level 5 of the Dungeon.
You worshipped Lugonu.
Lugonu was pleased with you.
You were hungry.

You visited 1 branch of the dungeon, and saw 5 of its levels.
You visited the Abyss 1 time.

You collected 214 gold pieces.

Inventory:

Hand Weapons
 a - a +1 hand axe (weapon)
Armour
 b - a +0 leather armour
 d - a +3 ring mail
 f - a +1 plate armour (worn)
 h - a +0 pair of boots (worn)
Jewellery
 e - a ring of positive energy (left hand)
Wands
 k - a wand of acid (8)
Scrolls
 g - 2 scrolls of teleportation
 j - 4 scrolls of identify
 l - 4 scrolls of remove curse
Comestibles
 c - 6 rations


   Skills:
 - Level 3.6 Fighting
 + Level 6.1 Axes
 - Level 2.1 Armour
 - Level 0.7 Dodging
 + Level 6.0 Invocations


You had 5 spell levels left.
You didn't know any spells.
Your spell library contained the following spells:

 Spells                   Type           Power        Failure   Level  Hunger
 Confusing Touch          Hex            #.....       100%        1    ##.....
 Confuse                  Hex            #.......     100%        3    ####...
 Gell's Gravitas          Tloc           #.........   100%        3    ####...
 Petrify                  Tmut/Erth      #.......     100%        4    #####..
 Metabolic Englaciation   Hex/Ice        #.........   100%        5    ######.
 Yara's Violent Unravell  Hex/Tmut       #.........   100%        5    ######.


Dungeon Overview and Level Annotations

Branches:
Dungeon (5/15)
 Temple: D:4-7

Altars:

Annotations:
D:5 Menkaure


Innate Abilities, Weirdness & Mutations

You are partially covered in yellow scales. (AC +2)
Your flesh is heat resistant. (rF+)
You are resistant to hostile enchantments. (MR+)


Message History

* * * LOW HITPOINT WARNING * * *
Menkaure hits you!
* * * LOW HITPOINT WARNING * * *
You feel better.
Menkaure blazes with dark energy!
Menkaure hits you but does no damage.
Your plate armour prevents you from hitting Menkaure.
Menkaure hits you!
* * * LOW HITPOINT WARNING * * *
Space bends around you!
You blink.
Menkaure giggles, "These cerements are ticklish..."
Unknown command.
You feel better. Menkaure barely misses you.
Menkaure calls on the powers of darkness!
Your body is wracked with pain!
* * * LOW HITPOINT WARNING * * *
You hit Menkaure.
Menkaure is lightly damaged.
Menkaure hits you.
You die...

................
.#.............).
#.#........8.....
#.#............=
#.#.....8........
#.#..............
#.#....8.......8
###.#M..# #.#..
..#@######...######
#.#...#..#.#..#...
#.#................
#.#.................
#.#.................
#.#..................
#.#.......#.##...##.#.
.#.......#.#.##.##
........######'######..


You could see Menkaure.

Vanquished Creatures
  A vampire bat (D:3)
  A crimson imp (D:5)
  Jessica (D:2)
  An iguana (D:5)
  An orc wizard (D:5)
  4 adders
  An adder skeleton (D:4)
  A worm (D:2)
  A dart slug (D:2)
  A leopard gecko (D:2)
  7 orcs
  7 goblins
  9 hobgoblins
  4 jackals
  3 kobolds
  A quokka (D:2)
  A ball python (D:1)
  10 bats (D:3)
  6 frilled lizards
  A leopard gecko skeleton (D:5)
  5 rats
67 creatures vanquished.

Notes
Turn   | Place    | Note
-------+----------+-------------------------------------------
     0 | Abyss:1  | Curus the Hill Orc Abyssal Knight began the quest for the
                  | Orb.
     0 | Abyss:1  | Reached XP level 1. HP: 19/19 MP: 2/2
    16 | Abyss:1  | Found a corrupted altar of Lugonu.
    19 | D:1      | Escaped the Abyss
   319 | D:1      | Reached XP level 2. HP: 19/26 MP: 2/4
   857 | D:2      | Reached XP level 3. HP: 19/31 MP: 5/5
   866 | D:2      | Reached ** piety under Lugonu
  1611 | D:2      | Noticed Jessica
  1632 | D:2      | Killed Jessica
  1632 | D:2      | Reached XP level 4. HP: 33/39 MP: 7/7
  1637 | D:2      | Gained mutation: You are resistant to hostile enchantments.
                  | (MR+) [potion of mutation]
  1637 | D:2      | Gained mutation: You are partially covered in yellow
                  | scales. (AC +2) [potion of mutation]
  1637 | D:2      | Gained mutation: Your flesh is heat resistant. (rF+)
                  | [potion of mutation]
  2368 | D:3      | Reached skill level 5 in Axes
  2384 | D:3      | Reached skill level 5 in Invocations
  2384 | D:3      | Reached XP level 5. HP: 44/45 MP: 8/8
  2953 | D:5      | Entered Level 5 of the Dungeon
  3204 | D:5      | Reached XP level 6. HP: 43/51 MP: 10/10
  3291 | D:5      | Noticed Menkaure
  3299 | D:5      | HP: 2/51 [Menkaure (7)]
  3304 | D:5      | Slain by Menkaure

Levels and vault maps discovered:
D:1:      dpeg_arrival_solitude, layout_basic, chequers_serial_rivers_micro_d,
          minivault_4
D:2:      layout_rooms, first_ration, uniq_jessica
D:3:      layout_basic, roderic_batcave
D:4:      layout_cave_pools, uniq_crazy_yiuf_cottage
D:5:      wad_pebble_path, layout_loops_cross, uniq_menkaure

Skill      XL: |  1  2  3  4  5  6 |
---------------+-------------------+-----
Axes           | 3 4 5 6 |  6.1
Invocations    | 3 4 5 6 |  6.0
Fighting       | |  3.6
Armour         | |  2.1
Dodging        | |  0.7

Action                   |  1- 3 |  4- 6 || total
-------------------------+-------+-------++-------
Melee: Hand axe          |   107 |   195 ||   302
Invok: Bend Space        |       |     1 ||     1
  Use: Scroll            |     7 |     4 ||    11
       Potion            |     5 |     5 ||    10
  Eat: Chunk             |     1 |     6 ||     7
Armor: Ring mail         |    29 |       ||    29
       Leather armour    |     1 |       ||     1
       Plate armour      |    13 |   209 ||   222
Dodge: Dodged            |    48 |    67 ||   115
